 Dungeon Sprint DCSS version 0.17-a0-1504-gb7d9117 (webtiles) character file.

401754 nuthulu the Conqueror (level 21, -4/163 HPs)
             Began as a Gargoyle Fighter on July 7, 2015.
             Was the Champion of Okawaru.
             Splashed by an acid blob's acid (15 damage)
             ... in the Dungeon (Sprint IX: "|||||||||||||||||||||||||||||").
             The game lasted 00:36:42 (10943 turns).

nuthulu the Conqueror (Gargoyle Fighter)           Turns: 10943, Time: 00:36:43

Health: -4/163     AC: 53    Str: 32    XL:     21   Next: 53%
Magic:  47/47      EV: 18    Int:  5    God:    Okawaru [******]
Gold:   237        SH: 19    Dex:  8    Spells: 0 memorised, 20 levels left

rFire  + + +     SeeInvis +     q - +9 morningstar (crush)
rCold  + . .     Clarity  +     Z - +11 crystal plate armour of Indomitability {rElec Str+6 Dex-4}
rNeg   + + +     SustAt   .     G - +0 shield of Cetuvimp {rF+++ MR- MP+9 SInv}
rPois  ∞         Gourm    .     z - +2 helmet
rElec  +         Spirit   .     r - +2 cloak {MR+}
rCorr  .         Warding  .     W - +0 pair of gloves of the Scribe {-Cast rN+++ Int-5 SInv}
rMut   .         NoTele   +     d - +1 pair of boots
MR     ++...     NoCast   +     y - amulet of clarity
Stlth  +.........               D - ring of Myicych {rC+ AC+5}
                                u - +2 ring of evasion

@: corroded equipment, very resistant to hostile enchantments, very unstealthy
A: big wings, deformed body, magic resistance 1, negative energy resistance 1,
electricity resistance, unbreathing, petrification resistance, rot immunity,
MP-powered wands, AC +15
a: Fly, Heroism, Finesse, Renounce Religion
0: Orb of Zot
}: 6/15 runes: decaying, serpentine, barnacled, elven, silver, gossamer


You were in the Dungeon.
You worshipped Okawaru.
Okawaru was exalted by your worship.
You were not hungry.

You visited 1 branch You collected 1800 gold pieces.
You spent 1563 gold pieces at shops.

Inventory:

Hand weapons
 a - a +0 flail
 q - a +9 morningstar of crushing (weapon)
 H - a +1 eveningstar of draining
 I - a +1 eveningstar of freezing
 O - the +4 morningstar "Thing" {venom, Str+3 Int-3 Dex+3}
   (Okawaru gifted it to you in the Dungeon)

   It poisons the flesh of those it strikes.
   It affects your strength (+3).
   It affects your intelligence (-3).
   It affects your dexterity (+3).
Armour
 c - a +1 shield
 d - a +1 pair of boots (worn)
 r - a +2 cloak of magic resistance (worn)
 s - a +1 chain mail
 z - a +2 helmet (worn)
 G - the +0 shield of Cetuvimp (worn) {rF+++ MR- MP+9 SInv}
   (You found it in the Dungeon)

   It renders you almost immune to fire.
   It affects your resistance to hostile enchantments.
   It affects your magic capacity (+9).
   It lets you see invisible.
 P - a +3 plate armour of positive energy
 W - the +0 pair of gloves of the Scribe (worn) {-Cast rN+++ Int-5 SInv}
   (You found it in the Dungeon)

   It affects your intelligence (-5).
   It renders you almost immune to negative energy.
   It lets you see invisible.
   It prevents spellcasting.
 X - a +0 gold dragon armour
 Z - the +11 crystal plate armour of Indomitability (worn) {rElec Str+6 Dex-4}
   (Okawaru gifted it to you in the Dungeon)

   It affects your strength (+6).
   It affects your dexterity (-4).
   It insulates you from electricity.
Jewellery
 b - an uncursed ring of protection from fire
 j - an uncursed ring of protection from cold
 t - a +3 ring of intelligence
 u - a +2 ring of evasion (left hand)
 y - an amulet of clarity (around neck)
 C - an uncursed ring of sustain attributes
 D - the ring of Myicych (right hand) {rC+ AC+5}
   (You bought it in a shop in the Dungeon)

   [ring of protection]

   It affects your AC (+5).
   It protects you from cold.
 J - a +2 ring of slaying
 K - a +4 ring of protection
 Q - the ring of Brilliance {rF++ AC+3}
   (You found it in the Dungeon)

   [ring of protection]

   It affects your AC (+3).
   It greatly protects you from fire.
 R - the ring of Qerch {rF+ SInv}
   (You found it in the Dungeon)

   [ring of see invisible]

   It protects you from fire.
   It lets you see invisible.
 T - the amulet "Giteas" {Spirit *Drain Int+5 Dex+4}
   (You found it in the Dungeon)

   [amulet of guardian spirit]

   It causes incoming damage to be split between your health and magic.
   It affects your intelligence (+5).
   It affects your dexterity (+4).
   It causes draining when unequipped.
 U - the amulet of Ceenepp {MR+ Regen+ Dex+4 Slay-4}
   (You found it in the Dungeon)

   [amulet of regeneration]

   It affects your dexterity (+4).
   It affects your accuracy and damage with ranged weapons and melee attacks
   (-4).
   It affects your resistance to hostile enchantments.
   It increases your rate of regeneration.
 V - the ring "Saonut" {rElec rC+ Int+4 SInv}
   (You found it in the Dungeon)

   [ring of intelligence]

   It affects your intelligence (+4).
   It protects you from cold.
   It insulates you from electricity.
   It lets you see invisible.
Magical devices
 p - a wand of fire (7)
 S - a wand of teleportation (5)
 Y - a wand of hasting (5)
Scrolls
 k - 4 scrolls of blinking
 l - 2 scrolls of identify
 n - 5 scrolls of remove curse
 o - 3 scrolls of amnesia
 v - 7 scrolls of fear
 B - a scroll of recharging
 N - 5 scrolls of enchant weapon
Potions
 f - 9 potions of curing
 g - 5 potions of heal wounds
 h - 2 potions of haste
 i - 4 potions of magic
 m - a potion of invisibility
 A - 2 potions of flight
 E - 3 potions of agility
 F - a potion of resistance
 L - a potion of cure mutation
 M - 3 potions of berserk rage
Comestibles
 e - 10 bread rations
 w - 40 fruits
 x - 9 meat rations


   Skills:
 O Level 27 Fighting
 O Level 27 Maces & Flails
 * Level 15.6 Throwing
 O Level 27 Armour
 O Level 27 Dodging
 O Level 27 Stealth
 O Level 27 Shields
 * Level 15.6 Unarmed Combat
 O Level 27 Invocations
 + Level 10.6 Evocations


You had 20 spell levels left.
You didn't know any spells.

Dungeon Overview and Level Annotations

Branches:
Dungeon (1/1)

Altars:
Cheibriados
Dithmenos
Elyvilon
Fedhas
Gozag
Kikubaaqudgha
Makhleb
Nemelex Xobeh
Okawaru
Qazlal
Ru
Sif Muna
Trog
Vehumet
Xom
Yredelemnul
Zin
The Shining One
Beogh
Jiyva
Lugonu

Shops:
D *[=}

Annotations:
D Royal Jelly


Innate Abilities, Weirdness & Mutations

You are resistant to torment.
Your stone body is resilient (AC +15).
You are immune to poison.
Your large and strong wings let you fly indefinitely.
You resist negative energy.
You are resistant to electric shocks.
You can survive without breathing.
You are immune to petrification.
You are immune to rotting.
Armour fits poorly on your strangely shaped body.
You are resistant to hostile enchantments.
You expend magic power (3 MP) to strengthen your wands.


Message History

* * * LOW HITPOINT WARNING * * *
The acid blob is heavily wounded.
You block the acid blob's attack.
Drink which item? (? for menu, Esc to quit)
You feel much better. The acid blob spits acid at you.
The splash of acid hits you!
* * * LOW HITPOINT WARNING * * *
The acid burns!
* * * LOW HITPOINT WARNING * * *
The acid blob spits acid at you. You block the splash of acid.
The acid corrodes you! The acid blob spits acid at you.
The splash of acid hits you!
* * * LOW HITPOINT WARNING * * *
The acid burns!
* * * LOW HITPOINT WARNING * * *
The acid blob spits acid at you. The splash of acid hits you!
The acid burns!
You die...

▓▓▓▓▓▓▓▓▓▓▓▓▓▓▓▓▓▓▓▓▓▓▓▓▓▓▓▓
)))([)))..))..'.@...JJJJφ...
▓▓▓▓▓▓▓▓▓▓▓▓▓▓▓▓▓▓▓▓▓▓▓▓▓▓▓▓▓▓▓▓▓
.................................
▓▓▓▓▓▓▓▓▓▓▓▓▓▓▓▓▓▓▓▓▓▓▓▓▓▓▓▓▓▓▓▓▓
.'.'.))†..[)††÷.......'.)........
▓▓▓▓▓▓▓▓▓▓▓▓▓▓▓▓▓▓▓▓▓▓▓▓▓▓▓▓▓▓▓▓▓
.................................
▓▓▓▓▓▓▓▓▓▓▓▓▓▓▓▓▓▓▓▓▓▓▓▓▓▓▓▓▓▓▓▓▓
......)..).)...'[)..)..).)))))...


You could see the royal jelly, an acid blob, an azure jelly and a death ooze.

Vanquished Creatures
  4 ancient liches (D)
  3 orbs of fire (D)
  Mara (D)
  Mennas (D)
  Boris (D)
  Frederick (D)
  Margery (D)
  Norris (D)
  6 golden dragons (D)
  Nikola (D)
  Jory (D)
  Xtahua (D)
  2 electric golems (D)
  A tentacled monstrosity (D)
  3 liches (D)
  27 Orb Guardians (D)
  A titan (D)
  3 deep elf blademasters (D)
  2 deep elf master archers (D)
  5 acid blobs (D)
  8 shadow dragons (D)
  A sphinx (D)
  4 storm dragons (D)
  3 draconian monks (D)
  2 azure jellies (D)
  Ilsuiw (D)
  2 deep elf sorcerers (D)
  2 frost giants (D)
  A ghost moth (D)
  2 draconian knights (D)
  A draconian scorcher (D)
  7 greater nagas (D)
  2 draconian shifters (D)
  Louise (D)
  2 draconian zealots (D)
  7 emperor scorpions (D)
  A draconian annihilator (D)
  An ironheart preserver (D)
  2 draconian callers (D)
  A very ugly thing (D)
  5 stone giants (D)
  8 vampire knights (D)
  A green draconian (D)
  3 yellow draconians (D)
  2 red draconians (D)
  5 black draconians (D)
  3 mottled draconians (D)
  3 deep elf demonologists (D)
  A salamander stormcaller (D)
  A dire elephant (D)
  4 white draconians (D)
  2 deep elf annihilators (D)
  2 deep elf death magi (D)
  2 ettins (D)
  6 merfolk javelineers (D)
  A green death (D)
  6 merfolk impalers (D)
  25 vault guards (D)
  5 fire dragons (D)
  2 death cobs (D)
  2 yaktaur captains (D)
  4 entropy weavers (D)
  Harold (D)
  9 hydras (D)
  3 naga warriors (D)
  A spriggan air mage (D)
  6 ice dragons (D)
  A merfolk avatar (D)
  A merfolk aquamancer (D)
  An anaconda (D)
  2 ghost crabs (D)
  An orc high priest (D)
  7 ogre magi (D)
  An alligator (D)
  3 centaur warriors (D)
  A deep troll shaman (D)
  Urug (D)
  4 hell knights (D)
  2 salamander mystics (D)
  A shadow wraith (D)
  A small abomination (D)
  An unseen horror (D)
  A flayed ghost (D)
  2 giant orange brains (D)
  5 swamp dragons (D)
  An ironbrand convoker (D)
  3 necromancers (D)
  A naga ritualist (D)
  2 hill giants (D)
  3 orc knights (D)
  An ugly thing (D)
  A wolf spider (shapeshifter) (D)
  3 manticores (D)
  A hornet (shapeshifter) (D)
  2 wolf spiders (D)
  An orb spider (D)
  A cyclops (D)
  3 guardian serpents (D)
  A naga mage (D)
  3 vault sentinels (D)
  7 moths of wrath (D)
  A draconian skeleton (D)
  8 elephants (D)
  A torpor snail (D)
  A black draconian zombie (D)
  3 black mambas (D)
  A spiny frog (D)
  2 white draconian zombies (D)
  An orange demon (D)
  3 demonic crawlers (D)
  A yaktaur (shapeshifter) (D)
  A komodo dragon (D)
  4 yaktaurs (D)
  A troll (shapeshifter) (D)
  A hellwing (D)
  A wind drake (shapeshifter) (D)
  3 merfolk (D)
  A red devil (D)
  4 two-headed ogres (D)
  A blink frog (D)
  A jumping spider (D)
  A freezing wraith (D)
  A blue devil (D)
  2 boulder beetles (D)
  A moth of wrath zombie (D)
  A bog body (D)
  3 slime creatures (D)
  A slime creature (shapeshifter) (D)
  A troll (D)
  A wyvern (D)
  2 tarantellas (D)
  A water elemental (D)
  A trapdoor spider (D)
  A golden eye (D)
  A deep elf fighter (D)
  11 spriggans (D)
  2 redbacks (D)
  A wraith (D)
  A vampire mosquito (D)
  A ynoxinul (D)
  3 hippogriffs (D)
  A naga (shapeshifter) (D)
  3 mottled dragons (D)
  A swamp drake (D)
  A phantom (D)
  A wasp (D)
  3 porcupines (D)
  13 orc warriors (D)
  A sky beast (D)
  2 boggarts (D)
  4 ogres (D)
  2 crocodiles (D)
  4 giant frogs (D)
  A quasit (D)
  A wight (D)
  A crimson imp (D)
  2 iguanas (D)
  2 orc priests (D)
  A hound (D)
  4 orc wizards (D)
  A worker ant (D)
  A river rat (D)
  A giant eyeball (D)
  A shadow imp (D)
  5 orcs (D)
  2 bat zombies (D)
  A goblin (D)
  A jackal (D)
  4 kobolds (D)
  3 bats (D)
  A giant gecko skeleton (D)
  A jackal skeleton (D)
  A jackal zombie (D)
448 creatures vanquished.

Vanquished Creatures (others)
  A fire giant (D)
  A hydra (D)
  A spriggan druid (D)
  A freezing wraith (D)
  A slime creature (D)
  A naga (D)
  A crawling corpse (D)
  A fungus (D)
8 creatures vanquished.

Grand Total: 456 creatures vanquished

Notes
Turn   | Place    | Note
--------------------------------------------------------------
     0 | D        | nuthulu the Gargoyle Fighter began the quest for the Orb.
     0 | D        | Reached XP level 1. HP: 14/14 MP: 1/1
   126 | D        | Noticed a sky beast
   126 | D        | Noticed a hound
   130 | D        | Killed a sky beast
   130 | D        | Reached skill level 5 in Fighting
   130 | D        | Reached skill level 5 in Armour
   130 | D        | Reached skill level 5 in Shields
   130 | D        | Reached XP level 2. HP: 15/22 MP: 2/2
   130 | D        | Reached XP level 3. HP: 18/27 MP: 3/3
   130 | D        | Reached XP level 4. HP: 21/32 MP: 4/4
   146 | D        | Killed a hound
   146 | D        | Reached skill level 6 in Fighting
   146 | D        | Reached skill level 5 in Maces & Flails
   146 | D        | Reached XP level 5. HP: 23/36 MP: 5/5
   254 | D        | Found a glowing silver altar of Zin.
   254 | D        | Found a glowing golden altar of the Shining One.
   254 | D        | Found an ancient bone altar of Kikubaaqudgha.
   254 | D        | Found a basalt altar of Yredelemnul.
   254 | D        | Found a shimmering altar of Xom.
   254 | D        | Found a radiant altar of Vehumet.
   255 | D        | Found an iron altar of Okawaru.
   256 | D        | Found a burning altar of Makhleb.
   257 | D        | Found a deep blue altar of Sif Muna.
   258 | D        | Found a bloodstained altar of Trog.
   259 | D        | Found a sparkling altar of Nemelex Xobeh.
   260 | D        | Found a white marble altar of Elyvilon.
   261 | D        | Found a roughly hewn altar of Beogh.
   262 | D        | Found a viscous altar of Jiyva.
   263 | D        | Became a worshipper of Warmaster Okawaru
   264 | D        | Found a corrupted altar of Lugonu.
   265 | D        | Found a blossoming altar of Fedhas.
   266 | D        | Found a snail-covered altar of Cheibriados.
   267 | D        | Found a shadowy altar of Dithmenos.
   268 | D        | Found a stormy altar of Qazlal.
   269 | D        | Found an opulent altar of Gozag.
   270 | D        | Found a sacrificial altar of Ru.
   320 | D        | Noticed an iguana
   320 | D        | Noticed a worker ant
   320 | D        | Noticed a wraith
   320 | D        | Noticed a phantom
   358 | D        | Killed an unseen horror
   358 | D        | Acquired Okawaru's first power
   358 | D        | Reached skill level 11 in Fighting
   358 | D        | Reached skill level 10 in Maces & Flails
   358 | D        | Reached XP level 6. HP: 18/49 MP: 6/6
   358 | D        | Reached XP level 7. HP: 19/54 MP: 7/7
   362 | D        | Killed a phantom
   365 | D        | Killed an iguana
   365 | D        | Reached skill level 12 in Fighting
   367 | D        | Killed a worker ant
   369 | D        | Killed a wraith
   369 | D        | Reached XP level 8. HP: 18/62 MP: 8/8
   581 | D        | Noticed a centaur warrior
   581 | D        | Noticed a hill giant
   581 | D        | Noticed a giant frog
   581 | D        | Noticed a troll
   581 | D        | Noticed a giant frog
   586 | D        | Killed a centaur warrior
   586 | D        | Reached skill level 13 in Fighting
   590 | D        | Killed a hill giant
   590 | D        | Reached skill level 14 in Fighting
   590 | D        | Reached XP level 9. HP: 48/70 MP: 9/9
   596 | D        | Killed a giant frog
   598 | D        | Killed a troll
   603 | D        | Killed a giant frog
   849 | D        | Noticed a porcupine
   849 | D        | Noticed a hippogriff
   849 | D        | Noticed a porcupine
   849 | D        | Noticed a spiny frog
   849 | D        | Noticed a giant frog
   849 | D        | Noticed a blink frog
   851 | D        | Killed a porcupine
   851 | D        | Reached skill level 15 in Fighting
   852 | D        | Noticed a boulder beetle
   856 | D        | Killed a hippogriff
   858 | D        | Killed a porcupine
   860 | D        | Killed a spiny frog
   861 | D        | Noticed a hippogriff
   861 | D        | Killed a giant frog
   864 | D        | Noticed a crocodile
   875 | D        | Killed a blink frog
   879 | D        | Killed a boulder beetle
   879 | D        | Reached skill level 16 in Fighting
   879 | D        | Reached XP level 10. HP: 41/78 MP: 10/10
   885 | D        | Killed a hippogriff
   885 | D        | Acquired Okawaru's second power
   887 | D        | Killed a crocodile
   887 | D        | Reached skill level 15 in Maces & Flails
  1071 | D        | Noticed a komodo dragon
  1071 | D        | Noticed an iguana
  1071 | D        | Noticed a porcupine
  1071 | D        | Noticed an elephant
  1071 | D        | Noticed a torpor snail
  1071 | D        | Noticed a hippogriff
  1075 | D        | Noticed a seven-headed hydra
  1076 | D        | Killed a komodo dragon
  1077 | D        | Killed an iguana
  1079 | D        | Killed a porcupine
  1084 | D        | Killed an elephant
  1085 | D        | Noticed a crocodile
  1092 | D        | Killed a torpor snail
  1092 | D        | Received a gift from Okawaru
  1092 | D        | Reached skill level 17 in Fighting
  1100 | D        | Killed a seven-headed hydra
  1103 | D        | Killed a hippogriff
  1108 | D        | Killed a crocodile
  1376 | D        | Noticed an elephant
  1376 | D        | Noticed an elephant
  1376 | D        | Noticed an elephant
  1376 | D        | Noticed an elephant
  1376 | D        | Noticed an elephant
  1376 | D        | Noticed an elephant
  1384 | D        | Killed an elephant
  1393 | D        | Killed an elephant
  1393 | D        | Reached skill level 18 in Fighting
  1397 | D        | Killed an elephant
  1397 | D        | Reached XP level 11. HP: 87/87 MP: 9/11
  1402 | D        | Killed an elephant
  1410 | D        | Killed an elephant
  1413 | D        | Killed an elephant
  1415 | D        | Noticed a dire elephant
  1430 | D        | Killed a dire elephant
  1430 | D        | Reached skill level 19 in Fighting
  1447 | D        | Noticed an elephant
  1456 | D        | Killed an elephant
  1862 | D        | Noticed Harold
  1887 | D        | Killed Harold
  1964 | D        | Noticed an orc warrior
  1964 | D        | Noticed an orc wizard
  1964 | D        | Noticed an orc wizard
  1965 | D        | Noticed an orc wizard
  1969 | D        | Killed an orc warrior
  1971 | D        | Killed an orc wizard
  1974 | D        | Noticed an orc priest
  1974 | D        | Killed an orc wizard
  1976 | D        | Noticed an orc warrior
  1980 | D        | Noticed an orc priest
  1982 | D        | Noticed an orc wizard
  1983 | D        | Killed an orc warrior
  1985 | D        | Killed an orc priest
  1989 | D        | Killed an orc priest
  1992 | D        | Killed an orc wizard
  1995 | D        | Killed an orc wizard
  2147 | D        | Noticed an orc warrior
  2147 | D        | Noticed an orc warrior
  2147 | D        | Noticed an orc warrior
  2147 | D        | Noticed an orc warrior
  2147 | D        | Noticed an orc warrior
  2147 | D        | Noticed an orc warrior
  2150 | D        | Noticed an orc warrior
  2153 | D        | Killed an orc warrior
  2154 | D        | Noticed an orc warrior
  2156 | D        | Killed an orc warrior
  2157 | D        | Noticed an orc warrior
  2163 | D        | Killed an orc warrior
  2166 | D        | Killed an orc warrior
  2169 | D        | Killed an orc warrior
  2175 | D        | Noticed an orc high priest
  2176 | D        | Killed an orc warrior
  2177 | D        | Noticed a sun demon
  2177 | D        | Noticed an orc warrior
  2180 | D        | Killed an orc warrior
  2181 | D        | Noticed an orc warrior
  2183 | D        | Killed an orc warrior
  2191 | D        | Killed a sun demon
  2195 | D        | Killed an orc warrior
  2195 | D        | Received a gift from Okawaru
  2204 | D        | Noticed a soul eater
  2210 | D        | Killed an orc high priest
  2214 | D        | Killed an orc warrior
  2215 | D        | Killed an orc warrior
  2337 | D        | Found Otoocrup's General Store.
  2337 | D        | Noticed a two-headed ogre
  2337 | D        | Noticed an ogre mage
  2337 | D        | Noticed an ogre mage
  2337 | D        | Noticed an ogre
  2337 | D        | Noticed a two-headed ogre
  2338 | D        | Noticed a two-headed ogre
  2338 | D        | Killed a two-headed ogre
  2338 | D        | Reached skill level 10 in Armour
  2338 | D        | Reached skill level 10 in Shields
  2341 | D        | Noticed an ogre mage
  2346 | D        | Noticed an ogre mage
  2346 | D        | Killed an ogre mage
  2347 | D        | Found Syeqosil's Armour Shoppe.
  2350 | D        | Noticed a two-headed ogre
  2351 | D        | Killed an ogre mage
  2351 | D        | Reached XP level 12. HP: 95/95 MP: 12/12
  2354 | D        | Killed an ogre mage
  2358 | D        | Killed a two-headed ogre
  2360 | D        | Noticed an ogre mage
  2361 | D        | Killed a two-headed ogre
  2363 | D        | Killed an ogre
  2368 | D        | Killed an ogre mage
  2372 | D        | Killed an ogre mage
  2375 | D        | Killed a two-headed ogre
  2376 | D        | Found Volucal's Jewellery Emporium.
  2378 | D        | Noticed an ogre
  2379 | D        | Found Bief Semunad's Gadget Shoppe.
  2381 | D        | Killed an ogre
  2395 | D        | Bought a potion of heal wounds for 70 gold pieces
  2397 | D        | Bought a +2 cloak of magic resistance for 215 gold pieces
  2410 | D        | Noticed an ogre
  2411 | D        | Noticed an ogre
  2416 | D        | Killed an ogre
  2418 | D        | Killed an ogre
  2436 | D        | Bought an uncursed amulet of clarity for 240 gold pieces
  2436 | D        | Bought an uncursed ring of sustain attributes for 210 gold pieces
  2436 | D        | Bought the ring of Myicych {rC+ AC+5} for 828 gold pieces
  2477 | D        | Noticed Urug
  2499 | D        | Killed Urug
  2651 | D        | Got the cursed +0 shield of Cetuvimp {rF+++ MR- MP+9 SInv}
  2716 | D        | Noticed a boggart
  2716 | D        | Noticed a brown ugly thing
  2716 | D        | Noticed a hill giant
  2716 | D        | Noticed a cyclops
  2717 | D        | Noticed a giant frog
  2718 | D        | Killed a boggart
  2719 | D        | Noticed a boggart
  2725 | D        | Killed a brown ugly thing
  2726 | D        | Noticed a giant orange brain
  2731 | D        | Killed a hill giant
  2732 | D        | Noticed a lich
  2736 | D        | Killed a cyclops
  2737 | D        | Noticed a centaur warrior
  2742 | D        | Noticed an Ice Fiend
  2744 | D        | Noticed a Hell Sentinel
  2751 | D        | Noticed a Hell Sentinel
  2752 | D        | Killed a lich
  2752 | D        | Received a gift from Okawaru
  2754 | D        | Noticed an ettin
  2754 | D        | Killed a giant frog
  2755 | D        | Noticed a yaktaur
  2757 | D        | Killed a boggart
  2760 | D        | Killed a giant orange brain
  2760 | D        | Noticed a great orb of eyes
  2760 | D        | a wolf spider changed into a great orb of eyes
  2761 | D        | Noticed a yaktaur
  2761 | D        | a great orb of eyes changed into a griffon
  2767 | D        | Killed a centaur warrior
  2767 | D        | Received a gift from Okawaru
  2767 | D        | Reached skill level 15 in Armour
  2767 | D        | Reached skill level 15 in Shields
  2771 | D        | Killed an ettin
  2775 | D        | Killed a yaktaur
  2782 | D        | Killed a yaktaur
  2992 | D        | Noticed a tarantella
  2992 | D        | Noticed a demonic crawler
  2992 | D        | Noticed a redback
  2992 | D        | Noticed an orb spider
  2992 | D        | Noticed a wolf spider
  2992 | D        | Noticed a trapdoor spider
  2999 | D        | Killed a tarantella
  3005 | D        | Noticed a moth of wrath
  3006 | D        | Killed a demonic crawler
  3007 | D        | Killed a redback
  3010 | D        | Noticed a wolf spider
  3011 | D        | Killed an orb spider
  3012 | D        | Noticed a tarantella
  3015 | D        | Killed a wolf spider
  3015 | D        | Reached XP level 13. HP: 92/100 MP: 13/13
  3020 | D        | Killed a moth of wrath
  3027 | D        | Killed a trapdoor spider
  3031 | D        | Killed a wolf spider
  3032 | D        | Killed a tarantella
  3052 | D        | Noticed an alligator
  3052 | D        | Noticed a bog body
  3052 | D        | Noticed a six-headed hydra
  3052 | D        | Noticed a slime creature
  3052 | D        | Noticed a ghost crab
  3053 | D        | Noticed a seven-headed hydra
  3058 | D        | Killed an alligator
  3060 | D        | Killed a six-headed hydra
  3060 | D        | Killed a spriggan druid
  3061 | D        | Killed a slime creature
  3062 | D        | Killed a seven-headed hydra
  3063 | D        | Noticed a ghost crab
  3063 | D        | Killed a bog body
  3075 | D        | Killed a ghost crab
  3075 | D        | Received a gift from Okawaru
  3081 | D        | Killed a ghost crab
  3117 | D        | Noticed a manticore
  3117 | D        | Noticed a merfolk impaler
  3117 | D        | Noticed a water elemental
  3117 | D        | Noticed a merfolk
  3117 | D        | Noticed a merfolk javelineer
  3117 | D        | Noticed a merfolk
  3118 | D        | Noticed a manticore
  3125 | D        | Killed a manticore
  3126 | D        | Noticed a manticore
  3136 | D        | Killed a merfolk javelineer
  3137 | D        | Noticed a merfolk javelineer
  3148 | D        | Killed a merfolk impaler
  3150 | D        | Killed a water elemental
  3155 | D        | Killed a merfolk
  3168 | D        | Killed a merfolk
  3171 | D        | Killed a manticore
  3175 | D        | Killed a manticore
  3181 | D        | Killed a merfolk javelineer
  3267 | D        | Noticed a naga ritualist
  3267 | D        | Noticed a salamander mystic
  3267 | D        | Noticed a guardian serpent
  3267 | D        | Noticed an anaconda
  3267 | D        | Noticed a black mamba
  3267 | D        | Noticed a black mamba
  3268 | D        | Noticed a black mamba
  3271 | D        | Killed a naga ritualist
  3272 | D        | Noticed a salamander mystic
  3282 | D        | Killed a black mamba
  3282 | D        | Reached skill level 1 in Invocations
  3288 | D        | Noticed a naga warrior
  3292 | D        | Killed a salamander mystic
  3296 | D        | Killed a salamander mystic
  3303 | D        | Killed a guardian serpent
  3303 | D        | Received a gift from Okawaru
  3308 | D        | Killed an anaconda
  3308 | D        | Reached skill level 5 in Invocations
  3310 | D        | Killed a black mamba
  3316 | D        | Killed a black mamba
  3331 | D        | Killed a naga warrior
  3591 | D        | Noticed a hell knight
  3591 | D        | Noticed a yak
  3591 | D        | Noticed a red very ugly thing
  3591 | D        | Noticed a frost giant
  3591 | D        | Noticed a yaktaur
  3591 | D        | Noticed an entropy weaver
  3598 | D        | a yak changed into an eye of draining
  3600 | D        | Killed a red very ugly thing
  3601 | D        | Noticed a deep troll shaman
  3602 | D        | Noticed a spriggan air mage
  3629 | D        | Killed a frost giant
  3631 | D        | Killed a hell knight
  3714 | D        | Killed a yaktaur
  3726 | D        | Killed an entropy weaver
  3974 | D        | Killed a spriggan air mage
  3974 | D        | Reached skill level 10 in Invocations
  3974 | D        | Gained mutation: Your large and strong wings let you fly indefinitely. [Gargoyle growth]
  3974 | D        | Reached XP level 14. HP: 81/106 MP: 21/21
  4066 | D        | Killed a deep troll shaman
  4081 | D        | Noticed a yaktaur captain
  4089 | D        | Killed a yaktaur captain
  4111 | D        | Noticed a shadow dragon
  4135 | D        | Killed a shadow dragon
  4190 | D        | Noticed a flayed ghost
  4199 | D        | Killed a flayed ghost
  4303 | D        | Noticed an entropy weaver
  4304 | D        | Noticed a stone giant
  4305 | D        | Noticed a basilisk
  4306 | D        | Noticed a stone giant
  4306 | D        | Noticed a fire dragon
  4307 | D        | a basilisk changed into an eye of draining
  4308 | D        | Noticed an ettin
  4315 | D        | Killed an entropy weaver
  4338 | D        | Killed a stone giant
  4338 | D        | Received a gift from Okawaru
  4348 | D        | Killed a stone giant
  4360 | D        | Killed a fire dragon
  4369 | D        | Killed an ettin
  4482 | D        | Noticed an entropy weaver
  4498 | D        | Killed an entropy weaver
  4498 | D        | Reached skill level 20 in Fighting
  4656 | D        | Noticed a slime creature
  4656 | D        | Noticed a yaktaur
  4656 | D        | Noticed a vampire mosquito
  4656 | D        | Noticed a yaktaur
  4656 | D        | Noticed a slime creature
  4656 | D        | Noticed a slime creature
  4660 | D        | Noticed a mottled dragon
  4662 | D        | Noticed an ogre mage
  4662 | D        | Killed a slime creature
  4664 | D        | Noticed a mottled dragon
  4666 | D        | Killed a yaktaur
  4667 | D        | Killed a vampire mosquito
  4669 | D        | Noticed a wind drake
  4671 | D        | Killed a yaktaur
  4677 | D        | Killed a large slime creature
  4680 | D        | Killed a mottled dragon
  4683 | D        | Killed an ogre mage
  4686 | D        | Killed a mottled dragon
  4690 | D        | Killed a wind drake
  4693 | D        | Noticed a slime creature
  4694 | D        | Noticed a freezing wraith
  4695 | D        | Noticed a salamander stormcaller
  4696 | D        | Noticed an ironbrand convoker
  4699 | D        | Killed a slime creature
  4702 | D        | Killed a freezing wraith
  4703 | D        | Noticed a hornet
  4704 | D        | Noticed an orc knight
  4704 | D        | Noticed a sphinx
  4708 | D        | Killed a salamander stormcaller
  4710 | D        | Killed an ironbrand convoker
  4710 | D        | Received a gift from Okawaru
  4713 | D        | Killed a hornet
  4715 | D        | Noticed a frost giant
  4721 | D        | Noticed a vault sentinel
  4723 | D        | Killed an orc knight
  4729 | D        | Killed a sphinx
  4730 | D        | Noticed a boulder beetle
  4734 | D        | Killed a frost giant
  4735 | D        | Noticed a giant orange brain
  4739 | D        | Killed a vault sentinel
  4753 | D        | Killed a boulder beetle
  4757 | D        | Killed a giant orange brain
  5269 | D        | Noticed a merfolk impaler
  5269 | D        | Noticed a merfolk aquamancer
  5269 | D        | Noticed a merfolk javelineer
  5269 | D        | Noticed a merfolk impaler
  5269 | D        | Noticed a merfolk javelineer
  5269 | D        | Noticed a merfolk impaler
  5270 | D        | Noticed Ilsuiw
  5271 | D        | Noticed a merfolk javelineer
  5280 | D        | Killed a merfolk aquamancer
  5283 | D        | Noticed a merfolk avatar
  5301 | D        | Killed Ilsuiw
  5304 | D        | Killed a merfolk javelineer
  5305 | D        | Noticed a merfolk impaler
  5312 | D        | Killed a merfolk javelineer
  5312 | D        | Reached skill level 21 in Fighting
  5313 | D        | Noticed a merfolk impaler
  5314 | D        | Noticed a merfolk javelineer
  5322 | D        | Killed a merfolk javelineer
  5331 | D        | Killed a merfolk avatar
  5332 | D        | Noticed a merfolk
  5337 | D        | Killed a merfolk impaler
  5337 | D        | Reached XP level 15. HP: 92/115 MP: 22/22
  5346 | D        | Killed a merfolk impaler
  5355 | D        | Killed a merfolk javelineer
  5360 | D        | Killed a merfolk impaler
  5360 | D        | Received a gift from Okawaru
  5366 | D        | Killed a merfolk impaler
  5376 | D        | Killed a merfolk impaler
  5380 | D        | Killed a merfolk
  5382 | D        | Noticed a guardian serpent
  5382 | D        | Noticed a greater naga
  5382 | D        | Noticed a naga
  5382 | D        | Noticed a greater naga
  5382 | D        | Noticed a greater naga
  5382 | D        | Noticed a naga warrior
  5392 | D        | Noticed a greater naga
  5398 | D        | Noticed a greater naga
  5399 | D        | Killed a greater naga
  5411 | D        | Killed a greater naga
  5418 | D        | Killed a greater naga
  5419 | D        | Noticed a naga mage
  5423 | D        | Killed a greater naga
  5427 | D        | Killed a naga warrior
  5427 | D        | Received a gift from Okawaru
  5428 | D        | Noticed a greater naga
  5436 | D        | Killed a greater naga
  5436 | D        | Reached skill level 22 in Fighting
  5439 | D        | Killed a guardian serpent
  5442 | D        | Killed a naga mage
  5443 | D        | Killed a naga
  5450 | D        | Killed a greater naga
  5459 | D        | Got a crystal morningstar {god gift}
  5462 | D        | Got a barnacled rune of Zot
  5470 | D        | Identified the +4 morningstar "Thing" {venom, Str+3 Int-3 Dex+3} (Okawaru gifted it to you in the Dungeon)
  5740 | D        | Noticed a naga warrior
  5741 | D        | Noticed a greater naga
  5742 | D        | Noticed a guardian serpent
  5748 | D        | Killed a naga warrior
  5753 | D        | Killed a greater naga
  5758 | D        | Killed a guardian serpent
  5760 | D        | Got a serpentine rune of Zot
  5767 | D        | Noticed a five-headed hydra
  5767 | D        | Noticed a swamp dragon
  5767 | D        | Noticed a five-headed hydra
  5767 | D        | Noticed a six-headed hydra
  5767 | D        | Noticed a swamp dragon
  5767 | D        | Noticed a swamp dragon
  5771 | D        | Noticed a wasp
  5771 | D        | Killed a five-headed hydra
  5774 | D        | Killed a swamp dragon
  5776 | D        | Noticed a swamp dragon
  5779 | D        | Noticed a seven-headed hydra
  5781 | D        | Killed a five-headed hydra
  5783 | D        | Killed a six-headed hydra
  5787 | D        | Noticed a swamp dragon
  5787 | D        | Killed a swamp dragon
  5788 | D        | Noticed a five-headed hydra
  5789 | D        | Noticed a seven-headed hydra
  5795 | D        | Killed a swamp dragon
  5797 | D        | Killed a wasp
  5803 | D        | Killed a swamp dragon
  5809 | D        | Killed a seven-headed hydra
  5818 | D        | Killed a swamp dragon
  5826 | D        | Killed a five-headed hydra
  5826 | D        | Received a gift from Okawaru
  5828 | D        | Killed a seven-headed hydra
  5829 | D        | Noticed a swamp drake
  5838 | D        | Killed a swamp drake
  5844 | D        | Got a decaying rune of Zot
  5936 | D        | Noticed a redback
  5936 | D        | Noticed a jumping spider
  5936 | D        | Noticed an emperor scorpion
  5936 | D        | Noticed an emperor scorpion
  5936 | D        | Noticed a demonic crawler
  5936 | D        | Noticed a ghost moth
  5937 | D        | Killed a redback
  5938 | D        | Noticed a moth of wrath
  5939 | D        | Noticed an emperor scorpion
  5944 | D        | Noticed a demonic crawler
  5947 | D        | Killed a jumping spider
  5955 | D        | Killed an emperor scorpion
  5956 | D        | Noticed an emperor scorpion
  5965 | D        | Killed an emperor scorpion
  5969 | D        | Killed a demonic crawler
  5970 | D        | Noticed an emperor scorpion
  5974 | D        | Killed a ghost moth
  5974 | D        | Reached skill level 23 in Fighting
  5977 | D        | Killed a moth of wrath
  5980 | D        | Noticed an emperor scorpion
  5988 | D        | Killed an emperor scorpion
  5994 | D        | Killed a demonic crawler
  6017 | D        | Killed an emperor scorpion
  6031 | D        | Killed an emperor scorpion
  6031 | D        | Reached XP level 16. HP: 79/125 MP: 8/23
  6043 | D        | Killed an emperor scorpion
  6045 | D        | Noticed an emperor scorpion
  6065 | D        | Killed an emperor scorpion
  6066 | D        | Got a gossamer rune of Zot
  6340 | D        | Noticed a vault guard
  6340 | D        | Noticed a vault guard
  6340 | D        | Noticed a vault guard
  6340 | D        | Noticed a vault guard
  6340 | D        | Noticed a vault guard
  6340 | D        | Noticed a vault guard
  6341 | D        | Noticed a vault guard
  6346 | D        | Killed a vault guard
  6347 | D        | Noticed a vault guard
  6353 | D        | Killed a vault guard
  6354 | D        | Noticed a vault guard
  6359 | D        | Killed a vault guard
  6361 | D        | Killed a vault guard
  6362 | D        | Noticed a vault guard
  6368 | D        | Killed a vault guard
  6369 | D        | Noticed a vault guard
  6372 | D        | Killed a vault guard
  6373 | D        | Noticed a vault guard
  6375 | D        | Noticed a vault guard
  6375 | D        | Killed a vault guard
  6377 | D        | Noticed a vault guard
  6381 | D        | Killed a vault guard
  6382 | D        | Noticed a vault guard
  6389 | D        | Killed a vault guard
  6390 | D        | Noticed a vault guard
  6397 | D        | Killed a vault guard
  6401 | D        | Killed a vault guard
  6402 | D        | Noticed a vault guard
  6406 | D        | Killed a vault guard
  6406 | D        | Reached skill level 24 in Fighting
  6408 | D        | Noticed a vault guard
  6410 | D        | Noticed a vault guard
  6413 | D        | Killed a vault guard
  6414 | D        | Noticed a vault guard
  6418 | D        | Killed a vault guard
  6424 | D        | Killed a vault guard
  6425 | D        | Noticed a vault guard
  6432 | D        | Killed a vault guard
  6434 | D        | Killed a vault guard
  6439 | D        | Killed a vault guard
  6444 | D        | Killed a vault guard
  6444 | D        | Received a gift from Okawaru
  6445 | D        | Noticed a vault guard
  6448 | D        | Killed a vault guard
  6453 | D        | Noticed a vault guard
  6456 | D        | Killed a vault guard
  6458 | D        | Noticed a vault guard
  6465 | D        | Killed a vault guard
  6468 | D        | Killed a vault guard
  6469 | D        | Noticed a vault guard
  6474 | D        | Killed a vault guard
  6480 | D        | Killed a vault guard
  6517 | D        | Noticed an orc knight
  6517 | D        | Noticed an orc knight
  6517 | D        | Noticed an ogre mage
  6517 | D        | Noticed a stone giant
  6517 | D        | Noticed a yaktaur captain
  6517 | D        | Noticed a stone giant
  6518 | D        | Noticed a vault sentinel
  6519 | D        | Noticed a fire giant
  6525 | D        | Killed an orc knight
  6531 | D        | Killed a stone giant
  6532 | D        | Noticed an entropy weaver
  6536 | D        | Killed an orc knight
  6543 | D        | Noticed a shadow dragon
  6547 | D        | Paralysed by an ogre mage for 5 turns
  6556 | D        | Killed an ogre mage
  6575 | D        | Noticed a shadow dragon
  6588 | D        | Killed a yaktaur captain
  6629 | D        | Killed a stone giant
  6635 | D        | Killed a fire giant
  6640 | D        | Killed an entropy weaver
  6650 | D        | Killed a shadow dragon
  6650 | D        | Reached skill level 25 in Fighting
  6664 | D        | Killed a shadow dragon
  6672 | D        | Killed a vault sentinel
  6678 | D        | Noticed a necromancer
  6685 | D        | Killed a necromancer
  6701 | D        | Noticed a shadow wraith
  6719 | D        | Killed a shadow wraith
  6720 | D        | Noticed a deep elf fighter
  6721 | D        | Killed a deep elf fighter
  6724 | D        | Noticed an ironheart preserver
  6727 | D        | Noticed a necromancer
  6730 | D        | Killed a necromancer
  6737 | D        | Killed an ironheart preserver
  7058 | D        | Noticed a vault sentinel
  7058 | D        | Noticed a shadow dragon
  7058 | D        | Noticed a golden dragon
  7058 | D        | Noticed an ancient lich
  7058 | D        | Noticed a stone giant
  7058 | D        | Noticed a shadow dragon
  7059 | D        | Noticed a titan
  7072 | D        | Killed an ancient lich
  7072 | D        | Received a gift from Okawaru
  7072 | D        | Reached XP level 17. HP: 123/136 MP: 24/24
  7073 | D        | Noticed an ancient lich
  7079 | D        | Killed a golden dragon
  7080 | D        | Noticed a shadow dragon
  7086 | D        | Killed a shadow dragon
  7086 | D        | Reached skill level 26 in Fighting
  7096 | D        | Killed a stone giant
  7103 | D        | Killed a vault sentinel
  7115 | D        | Killed a shadow dragon
  7130 | D        | Killed an ancient lich
  7137 | D        | Killed a titan
  7143 | D        | Killed a shadow dragon
  7145 | D        | Got a silver rune of Zot
  7307 | D        | Got the ring of Brilliance {rF++ AC+3}
  7309 | D        | Got the ring of Qerch {rF+ SInv}
  7311 | D        | Got the amulet "Giteas" {Spirit *Drain Int+5 Dex+4}
  7313 | D        | Got the amulet of Ceenepp {MR+ Regen+ Dex+4 Slay-4}
  7315 | D        | Got the ring "Saonut" {rElec rC+ Int+4 SInv}
  7337 | D        | Got the +0 pair of gloves of the Scribe {-Cast rN+++ Int-5 SInv}
  7500 | D        | Noticed Xtahua
  7502 | D        | Noticed Norris
  7515 | D        | Killed Xtahua
  7515 | D        | Received a gift from Okawaru
  7537 | D        | Killed Norris
  7537 | D        | Reached skill level 27 in Fighting
  7543 | D        | Got a crude crystal plate armour {god gift}
  7544 | D        | Identified the +11 crystal plate armour of Indomitability {rElec Str+6 Dex-4} (Okawaru gifted it to you in the Dungeon)
  7691 | D        | Noticed Boris
  7693 | D        | Noticed Mennas
  7695 | D        | Noticed Nikola
  7701 | D        | Killed Boris
  7701 | D        | Reached skill level 27 in Armour
  7701 | D        | Reached skill level 27 in Shields
  7703 | D        | Noticed Jory
  7719 | D        | Noticed Frederick
  7748 | D        | Killed Mennas
  7756 | D        | Killed Nikola
  7758 | D        | Noticed a hell knight
  7764 | D        | Noticed Margery
  7767 | D        | Killed Jory
  7767 | D        | Reached skill level 27 in Maces & Flails
  7768 | D        | Noticed a hell knight
  7769 | D        | Noticed a necromancer
  7773 | D        | Noticed Louise
  7774 | D        | Noticed a hell knight
  7786 | D        | Killed Frederick
  7786 | D        | Received a gift from Okawaru
  7786 | D        | Reached XP level 18. HP: 114/145 MP: 25/25
  7800 | D        | Killed Margery
  7800 | D        | Reached skill level 10 in Dodging
  7809 | D        | Killed a hell knight
  7815 | D        | Killed Louise
  7821 | D        | Killed a hell knight
  7825 | D        | Killed a necromancer
  7831 | D        | Killed a hell knight
  7870 | D        | Noticed Mara
  7882 | D        | Noticed nuthulu's illusion
  7883 | D        | Killed Mara
  8029 | D        | Noticed a wyvern
  8029 | D        | Noticed a centaur warrior
  8029 | D        | Noticed a freezing wraith
  8029 | D        | Noticed a wight
  8031 | D        | Killed a wyvern
  8032 | D        | Noticed a four-headed hydra
  8035 | D        | Noticed a crimson imp
  8036 | D        | Killed a centaur warrior
  8038 | D        | Killed a freezing wraith
  8041 | D        | Killed a wight
  8044 | D        | Killed a four-headed hydra
  8048 | D        | Killed a crimson imp
  8057 | D        | Noticed an ice dragon
  8057 | D        | Noticed a golden dragon
  8057 | D        | Noticed an ice dragon
  8057 | D        | Noticed a fire dragon
  8057 | D        | Noticed a mottled draconian
  8057 | D        | Noticed a fire dragon
  8064 | D        | Killed a golden dragon
  8064 | D        | Reached skill level 15 in Dodging
  8065 | D        | Noticed a mottled draconian
  8067 | D        | Killed an ice dragon
  8068 | D        | Noticed an ice dragon
  8068 | D        | Noticed a golden dragon
  8071 | D        | Killed an ice dragon
  8074 | D        | Killed a fire dragon
  8077 | D        | Noticed an ice dragon
  8083 | D        | Killed a mottled draconian
  8084 | D        | Noticed a yellow draconian
  8091 | D        | Noticed a mottled dragon
  8093 | D        | Killed a fire dragon
  8093 | D        | Received a gift from Okawaru
  8102 | D        | Killed a mottled draconian
  8106 | D        | Killed a golden dragon
  8115 | D        | Killed an ice dragon
  8117 | D        | Killed an ice dragon
  8120 | D        | Killed a yellow draconian
  8122 | D        | Killed a mottled dragon
  8122 | D        | Received a gift from Okawaru
  8422 | D        | Noticed a black draconian
  8422 | D        | Noticed a green draconian shifter
  8422 | D        | Noticed a purple draconian scorcher
  8422 | D        | Noticed a black draconian caller
  8422 | D        | Noticed a golden dragon
  8422 | D        | Noticed a death cob
  8423 | D        | Noticed a black draconian
  8430 | D        | Killed a golden dragon
  8434 | D        | Killed a green draconian shifter
  8440 | D        | Killed a black draconian
  8444 | D        | Killed a purple draconian scorcher
  8454 | D        | Killed a black draconian caller
  8459 | D        | Killed a death cob
  8466 | D        | Killed a black draconian
  8477 | D        | Noticed a white draconian
  8477 | D        | Noticed a moth of wrath
  8477 | D        | Noticed a mottled draconian knight
  8477 | D        | Noticed a black draconian
  8477 | D        | Noticed a fire dragon
  8477 | D        | Noticed a red draconian
  8485 | D        | Noticed a green draconian zealot
  8499 | D        | Killed a mottled draconian knight
  8502 | D        | Killed a white draconian
  8504 | D        | Noticed a black draconian
  8509 | D        | Killed a moth of wrath
  8514 | D        | Killed a black draconian
  8520 | D        | Killed a fire dragon
  8528 | D        | Killed a red draconian
  8534 | D        | Killed a green draconian zealot
  8542 | D        | Killed a black draconian
  8720 | D        | Noticed a yellow draconian
  8720 | D        | Noticed a green draconian
  8720 | D        | Noticed a black draconian monk
  8720 | D        | Noticed a fire dragon
  8720 | D        | Noticed an ice dragon
  8720 | D        | Noticed an ice dragon
  8721 | D        | Noticed a black draconian knight
  8725 | D        | Killed a yellow draconian
  8741 | D        | Noticed a yellow draconian
  8744 | D        | Killed a black draconian monk
  8745 | D        | Noticed a mottled draconian annihilator
  8756 | D        | Killed a green draconian
  8761 | D        | Killed a fire dragon
  8767 | D        | Killed an ice dragon
  8775 | D        | Killed an ice dragon
  8785 | D        | Killed a black draconian knight
  8791 | D        | Killed a mottled draconian annihilator
  8791 | D        | Reached XP level 19. HP: 80/151 MP: 26/26
  8796 | D        | Killed a yellow draconian
  8997 | D        | Noticed a white draconian
  8997 | D        | Noticed a white draconian
  8997 | D        | Noticed a red draconian
  8997 | D        | Noticed a red draconian zealot
  8997 | D        | Noticed a storm dragon
  8997 | D        | Noticed a green draconian caller
  8999 | D        | Noticed a tentacled monstrosity
  9009 | D        | Killed a white draconian
  9015 | D        | Killed a white draconian
  9021 | D        | Killed a red draconian
  9022 | D        | Noticed a white draconian
  9029 | D        | Noticed a death cob
  9030 | D        | Killed a tentacled monstrosity
  9033 | D        | Killed a red draconian zealot
  9040 | D        | Killed a storm dragon
  9046 | D        | Killed a green draconian caller
  9046 | D        | Received a gift from Okawaru
  9056 | D        | Killed a white draconian
  9061 | D        | Killed a death cob
  9216 | D        | Noticed an Orb Guardian
  9216 | D        | Noticed an Orb Guardian
  9216 | D        | Noticed an Orb Guardian
  9216 | D        | Noticed an Orb Guardian
  9216 | D        | Noticed an Orb Guardian
  9216 | D        | Noticed an Orb Guardian
  9225 | D        | Killed an Orb Guardian
  9226 | D        | Noticed an Orb Guardian
  9233 | D        | Killed an Orb Guardian
  9235 | D        | Killed an Orb Guardian
  9236 | D        | Noticed an Orb Guardian
  9244 | D        | Killed an Orb Guardian
  9252 | D        | Killed an Orb Guardian
  9253 | D        | Noticed an Orb Guardian
  9258 | D        | Killed an Orb Guardian
  9266 | D        | Killed an Orb Guardian
  9267 | D        | Noticed an Orb Guardian
  9274 | D        | Killed an Orb Guardian
  9280 | D        | Killed an Orb Guardian
  9285 | D        | Killed an Orb Guardian
  9292 | D        | Noticed a red draconian monk
  9292 | D        | Noticed a moth of wrath
  9292 | D        | Noticed an Orb Guardian
  9292 | D        | Noticed an Orb Guardian
  9292 | D        | Noticed a moth of wrath
  9292 | D        | Noticed a storm dragon
  9297 | D        | Killed a red draconian monk
  9297 | D        | Reached skill level 27 in Dodging
  9298 | D        | Noticed an Orb Guardian
  9303 | D        | Noticed an Orb Guardian
  9305 | D        | Killed an Orb Guardian
  9305 | D        | Reached skill level 5 in Stealth
  9312 | D        | Killed an Orb Guardian
  9316 | D        | Killed a moth of wrath
  9320 | D        | Killed a moth of wrath
  9325 | D        | Killed a storm dragon
  9328 | D        | Killed an Orb Guardian
  9328 | D        | Reached skill level 10 in Stealth
  9334 | D        | Killed an Orb Guardian
  9416 | D        | Noticed an ancient lich
  9435 | D        | Killed an ancient lich
  9435 | D        | Reached skill level 15 in Invocations
  9437 | D        | Noticed an orb of fire
  9444 | D        | Gained mutation: You are resistant to hostile enchantments. [an orb of fire]
  9447 | D        | Gained mutation: Armour fits poorly on your strangely shaped body. [an orb of fire]
  9452 | D        | Killed an orb of fire
  9452 | D        | Reached skill level 15 in Stealth
  9504 | D        | Noticed an electric golem
  9518 | D        | Killed an electric golem
  9576 | D        | Noticed a golden dragon
  9576 | D        | Noticed a storm dragon
  9576 | D        | Noticed a red draconian monk
  9576 | D        | Noticed an Orb Guardian
  9576 | D        | Noticed a white draconian shifter
  9576 | D        | Noticed a mottled draconian
  9583 | D        | Noticed a black draconian
  9586 | D        | Killed a golden dragon
  9586 | D        | Received a gift from Okawaru
  9586 | D        | Reached XP level 20. HP: 141/157 MP: 33/33
  9587 | D        | Noticed an electric golem
  9589 | D        | Noticed a shadow dragon
  9592 | D        | Killed a black draconian
  9593 | D        | Noticed an orb of fire
  9600 | D        | Killed a white draconian shifter
  9615 | D        | Killed a storm dragon
  9617 | D        | Noticed an orb of fire
  9636 | D        | Killed an orb of fire
  9637 | D        | Noticed a shadow dragon
  9645 | D        | Noticed a storm dragon
  9651 | D        | Gained mutation: You expend magic power (3 MP) to strengthen your wands. [an orb of fire]
  9652 | D        | Killed an orb of fire
  9653 | D        | Noticed a golden dragon
  9655 | D        | Killed a red draconian monk
  9664 | D        | Killed an Orb Guardian
  9667 | D        | Killed a mottled draconian
  9679 | D        | Killed a shadow dragon
  9688 | D        | Killed a golden dragon
  9696 | D        | Killed a shadow dragon
  9718 | D        | Killed a storm dragon
  9731 | D        | Killed an electric golem
  9948 | D        | Noticed an Orb Guardian
  9948 | D        | Noticed an Orb Guardian
  9948 | D        | Noticed an Orb Guardian
  9948 | D        | Noticed an Orb Guardian
  9948 | D        | Noticed an Orb Guardian
  9948 | D        | Noticed an Orb Guardian
  9961 | D        | Killed an Orb Guardian
  9970 | D        | Killed an Orb Guardian
  9971 | D        | Noticed a moth of wrath
  9981 | D        | Killed an Orb Guardian
  9982 | D        | Noticed an Orb Guardian
  9992 | D        | Killed an Orb Guardian
  9993 | D        | Noticed an Orb Guardian
 10000 | D        | Killed an Orb Guardian
 10010 | D        | Killed an Orb Guardian
 10018 | D        | Killed an Orb Guardian
 10021 | D        | Killed an Orb Guardian
 10021 | D        | Received a gift from Okawaru
 10022 | D        | Noticed an Orb Guardian
 10024 | D        | Killed a moth of wrath
 10025 | D        | Noticed an Orb Guardian
 10026 | D        | Noticed an Orb Guardian
 10030 | D        | Killed an Orb Guardian
 10031 | D        | Noticed a moth of wrath
 10032 | D        | Noticed an Orb Guardian
 10034 | D        | Killed an Orb Guardian
 10045 | D        | Killed an Orb Guardian
 10049 | D        | Killed an Orb Guardian
 10051 | D        | Killed a moth of wrath
 10091 | D        | Got the Orb of Zot
 10261 | D        | Noticed a vampire knight
 10261 | D        | Noticed a vampire knight
 10261 | D        | Noticed an ancient lich
 10261 | D        | Noticed a lich
 10261 | D        | Noticed a vampire knight
 10261 | D        | Noticed a vampire knight
 10264 | D        | Noticed a vampire knight
 10269 | D        | Killed a vampire knight
 10270 | D        | Noticed a lich
 10277 | D        | Killed an ancient lich
 10277 | D        | Reached skill level 27 in Stealth
 10278 | D        | Noticed a vampire knight
 10289 | D        | Killed a vampire knight
 10290 | D        | Noticed a vampire knight
 10291 | D        | Noticed a vampire knight
 10296 | D        | Killed a lich
 10296 | D        | Reached skill level 27 in Invocations
 10296 | D        | Reached skill level 1 in Throwing
 10296 | D        | Reached skill level 1 in Unarmed Combat
 10301 | D        | Killed a vampire knight
 10301 | D        | Received a gift from Okawaru
 10301 | D        | Reached skill level 1 in Evocations
 10305 | D        | Killed a lich
 10305 | D        | Reached XP level 21. HP: 153/163 MP: 38/38
 10310 | D        | Killed a vampire knight
 10310 | D        | Reached skill level 5 in Throwing
 10310 | D        | Reached skill level 5 in Unarmed Combat
 10318 | D        | Killed a vampire knight
 10337 | D        | Killed a vampire knight
 10344 | D        | Killed a vampire knight
 10351 | D        | Killed a vampire knight
 10363 | D        | Noticed a spriggan baker
 10363 | D        | Noticed a spriggan baker
 10363 | D        | Noticed a spriggan baker
 10363 | D        | Noticed a spriggan baker
 10363 | D        | Noticed a spriggan baker
 10363 | D        | Noticed a spriggan baker
 10365 | D        | Killed a spriggan baker
 10366 | D        | Noticed a spriggan baker
 10369 | D        | Killed a spriggan baker
 10370 | D        | Noticed a spriggan baker
 10373 | D        | Killed a spriggan baker
 10376 | D        | Killed a spriggan baker
 10378 | D        | Noticed a spriggan baker
 10378 | D        | Killed a spriggan baker
 10380 | D        | Noticed a spriggan baker
 10380 | D        | Killed a spriggan baker
 10382 | D        | Noticed a spriggan baker
 10385 | D        | Killed a spriggan baker
 10385 | D        | Reached skill level 5 in Evocations
 10388 | D        | Killed a spriggan baker
 10393 | D        | Killed a spriggan baker
 10397 | D        | Killed a spriggan baker
 10398 | D        | Killed a spriggan baker
 10407 | D        | Noticed a deep elf demonologist
 10407 | D        | Noticed a deep elf master archer
 10407 | D        | Noticed a deep elf sorcerer
 10407 | D        | Noticed a deep elf demonologist
 10407 | D        | Noticed a deep elf death mage
 10407 | D        | Noticed a deep elf death mage
 10408 | D        | Noticed a deep elf blademaster
 10409 | D        | Noticed a deep elf blademaster
 10417 | D        | Killed a deep elf master archer
 10420 | D        | Killed a deep elf sorcerer
 10426 | D        | Noticed a deep elf blademaster
 10437 | D        | Noticed a deep elf annihilator
 10442 | D        | Killed a deep elf blademaster
 10442 | D        | Reached skill level 10 in Throwing
 10442 | D        | Reached skill level 10 in Unarmed Combat
 10444 | D        | Noticed a deep elf sorcerer
 10450 | D        | Killed a deep elf blademaster
 10466 | D        | Killed a deep elf blademaster
 10472 | D        | Killed a deep elf death mage
 10476 | D        | Killed a deep elf death mage
 10477 | D        | Noticed a deep elf master archer
 10485 | D        | Killed a deep elf annihilator
 10486 | D        | Noticed a deep elf demonologist
 10490 | D        | Killed a deep elf sorcerer
 10494 | D        | Killed a deep elf demonologist
 10495 | D        | Noticed a deep elf annihilator
 10507 | D        | Killed a deep elf master archer
 10512 | D        | Killed a deep elf annihilator
 10547 | D        | Killed a deep elf demonologist
 10551 | D        | Killed a deep elf demonologist
 10584 | D        | Noticed an acid blob
 10584 | D        | Noticed a golden eye
 10584 | D        | Noticed an azure jelly
 10584 | D        | Noticed an azure jelly
 10584 | D        | Noticed an acid blob
 10589 | D        | Killed an acid blob
 10590 | D        | Noticed an acid blob
 10597 | D        | Killed a golden eye
 10610 | D        | Killed an acid blob
 10610 | D        | Received a gift from Okawaru
 10623 | D        | HP: 6/163 [acid (10)]
 10641 | D        | Killed an acid blob
 10687 | D        | Killed an azure jelly
 10696 | D        | Killed an azure jelly
 10696 | D        | Reached skill level 10 in Evocations
 10772 | D        | Reached skill level 15 in Throwing
 10772 | D        | Reached skill level 15 in Unarmed Combat
 10907 | D        | Got an elven rune of Zot
 10916 | D        | Noticed an acid blob
 10917 | D        | Noticed an acid blob
 10918 | D        | Noticed the royal jelly
 10919 | D        | Noticed an acid blob
 10925 | D        | Killed an acid blob
 10926 | D        | Noticed an azure jelly
 10933 | D        | Killed an acid blob
 10934 | D        | Noticed a death ooze
 10943 | D        | Splashed by an acid blob's acid

Vault maps used:
D:        linesprint

Action                   |  1- 3 |  4- 6 |  7- 9 | 10-12 | 13-15 | 16-18 | 19-21 || total
-------------------------+-------+-------+-------+-------+-------+-------+-------++-------
Melee: Flail             |    32 |    15 |       |       |       |       |       ||    47
       Morningstar       |       |    33 |    59 |   314 |   692 |   783 |   747 ||  2628
Invok: Heroism           |       |       |       |     3 |     4 |     4 |     9 ||    20
       Finesse           |       |       |       |       |     3 |     4 |     9 ||    16
  Use: Potion            |       |     3 |     2 |     2 |     6 |     1 |     9 ||    23
       Scroll            |       |       |     4 |     1 |     6 |     6 |       ||    17
  Eat: Chunk             |       |       |     1 |     5 |       |     1 |     1 ||     8
       Meat ration       |       |       |       |     1 |     1 |     1 |       ||     3
       Bread ration      |       |       |       |       |     1 |     1 |     2 ||     4
